 Dungeon Crawl Stone Soup version 0.21-a0-50-g941c862 (webtiles) character file.

615 KristoblXynda the Charlatan (level 7, -13/51 HPs)
             Began as a Demigod Artificer on June 11, 2017.
             Mangled by Menkaure (16 damage)
             ... on level 5 of the Dungeon.
             The game lasted 00:09:58 (5185 turns).

KristoblXynda the Charlatan (Demigod Artificer)     Turns: 5185, Time: 00:09:58

Health: -13/51     AC:  4    Str: 17 (20) XL:     7   Next: 0%
Magic:  13/13      EV: 12    Int: 18 (19) God:
Gold:   281        SH:  0    Dex: 19 (20) Spells: 6/6 levels left

rFire    + . .     SeeInvis .   a - +1 short sword
rCold    . . .     Gourm    .   (no shield)
rNeg     . . .     Faith    .   b - +0 leather armour
rPois    .         Spirit   .   (helmet restricted)
rElec    .         Reflect  .   (no cloak)
rCorr    .         Harm     .   r - +0 pair of gloves
MR       .....     Rnd*Rage +   (no boots)
Stlth    +++.......             (no amulet)
Regen    0.2/turn               j - ring of protection from fire
MPRegen  0.2/turn               w - ring of flight

@: mighty
A: antennae 1, agile 1, berserk 1, clever 1, high mp 1
a: Evoke Flight


You were on level 5 of the Dungeon.
You were not hungry.

You visited 1 branch of the dungeon, and saw 5 of its levels.

You collected 281 gold pieces.

Inventory:

Hand Weapons
 a - a +1 short sword (weapon)
Armour
 b - a +0 leather armour (worn)
 m - a +0 ring mail
 q - the +1 helmet of the Doge {rC++ Dex+4}
   (You found it on level 4 of the Dungeon)

   It affects your dexterity (+4).
   It greatly protects you from cold.
 r - a +0 pair of gloves (worn)
Jewellery
 j - a ring of protection from fire (left hand)
 w - a ring of flight (right hand)
Wands
 c - a wand of flame (36/48)
 d - a wand of enslavement (15/24)
 e - a wand of random effects (13/48)
 g - a wand of confusion (22/48)
Scrolls
 h - 2 scrolls of remove curse
 i - a scroll of noise {unknown}
 k - a scroll of immolation
 n - 2 scrolls of magic mapping
 s - 3 scrolls of amnesia
 x - a scroll of teleportation
Potions
 o - a potion of resistance
Comestibles
 f - 7 bread rations
 l - 2 chunks of flesh


   Skills:
 - Level 0.8 Fighting
 + Level 3.9 Short Blades
 - Level 1.7 Dodging
 + Level 4.5 Stealth
 + Level 4.9 Evocations


You had 6 spell levels left.
You didn't know any spells.

Dungeon Overview and Level Annotations

Branches:
Dungeon (5/15)
 Temple: D:4-7

Annotations:
D:5 Menkaure


Innate Abilities, Weirdness & Mutations

You have an increased reservoir of magic. (+10% MP)
You have a pair of small antennae on your head.
You are agile. (Dex +2)
You tend to lose your temper in combat.
Your mind is acute. (Int +2)


Message History

Okay, then.
You hit Menkaure but do no damage.
Menkaure is moderately damaged.
Menkaure gestures wildly while chanting.
Menkaure seems to speed up.
You hit Menkaure.
Menkaure is moderately damaged.
Menkaure hits you!!
* * * LOW HITPOINT WARNING * * *
Okay, then.
It was a potion of degeneration.
There was something very wrong with that liquid.
You feel weakened.
You feel dopey.
You feel clumsy. Menkaure hits you.
* * * LOW HITPOINT WARNING * * *
A jackal comes into view.
Unknown command.
You feel very mighty all of a sudden. Menkaure hits you!
You die...

##.##
#.##.......#
#..#
#.##########
#..## #.#
#...## #.#
#....# #.#
#<#..# #.#
####.## #.##
#..###..##
##.....@M.#
#.....###.#
#..#..+ #
#รท...)#
#....h#.##
#.###.#.# #
#.#.# #.#..
.....


You could see Menkaure and a jackal (wandering).

Vanquished Creatures
  The ghost of Roxy the Firebug, an amateur DEFE (D:5)
  2 ogres (D:4)
  A crimson imp (D:4)
  An orc priest (D:4)
  3 worker ants
  4 adders
  2 worms
  A dart slug (D:1)
  5 leopard geckos
  3 orcs (D:4)
  4 giant cockroaches
  6 goblins
  8 hobgoblins
  17 jackals
  A quokka (D:3)
  2 ball pythons (D:3)
  11 bats
  7 frilled lizards
  9 kobolds
  A leopard gecko skeleton (D:4)
  13 rats
102 creatures vanquished.

Vanquished Creatures (others)
  A sky beast (D:5)
1 creature vanquished.

Grand Total: 103 creatures vanquished

Notes
Turn   | Place    | Note
-------+----------+-------------------------------------------
     0 | D:1      | KristoblXynda the Demigod Artificer began the quest for the Orb.
     0 | D:1      | Reached XP level 1. HP: 15/15 MP: 5/5
    22 | D:1      | Reached skill level 1 in Short Blades
    60 | D:1      | Reached skill level 1 in Stealth
   243 | D:1      | Reached XP level 2. HP: 16/22 MP: 6/6
   707 | D:1      | Reached XP level 3. HP: 27/27 MP: 7/7
  1398 | D:2      | Found a stormy altar of Qazlal.
  2561 | D:3      | Reached XP level 4. HP: 27/34 MP: 9/9
  3764 | D:4      | Noticed an ogre
  3779 | D:4      | Killed an ogre
  3779 | D:4      | Reached XP level 5. HP: 17/39 MP: 10/10
  4130 | D:4      | Got a bloodstained helmet
  4136 | D:4      | Identified the +1 helmet of the Doge {rC++ Dex+4} (You found it on level 4 of the Dungeon)
  4340 | D:4      | Noticed an ogre
  4349 | D:4      | Killed an ogre
  4349 | D:4      | Reached XP level 6. HP: 46/46 MP: 10/12
  4604 | D:5      | Entered Level 5 of the Dungeon
  4799 | D:5      | Noticed Roxy's ghost (amateur DEFE)
  4849 | D:5      | Killed Roxy's ghost
  4849 | D:5      | Reached XP level 7. HP: 24/51 MP: 13/13
  4852 | D:5      | Gained mutation: You have a pair of small antennae on your head. [mutagenic meat]
  4853 | D:5      | Gained mutation: You are agile. (Dex +2) [mutagenic meat]
  4854 | D:5      | Gained mutation: You tend to lose your temper in combat. [mutagenic meat]
  4855 | D:5      | Gained mutation: Your mind is acute. (Int +2) [mutagenic meat]
  5126 | D:5      | Noticed Menkaure
  5185 | D:5      | Mangled by Menkaure

Vault maps used:
D:1:      moated_graveyard_arrival
D:2:      nicolae_qazlal_general_emergency
D:3:      first_bread
D:5:      minmay_temple_entry_from_below_a, serial_shops, kennysheep_mini,
          uniq_menkaure

Skill      XL: |  1  2  3  4  5  6 |
---------------+-------------------+-----
Short Blades   | 1 2 3 |  3.9
Stealth        | 1 2 3 4 |  4.5
Evocations     | 3 4 |  4.9
Fighting       | |  0.8
Dodging        | |  1.7

Action                   |  1- 3 |  4- 6 |  7- 9 || total
-------------------------+-------+-------+-------++-------
Melee: Short sword       |   232 |   198 |    10 ||   440
Evoke: Wand              |     1 |    13 |       ||    14
  Use: Scroll            |       |    11 |     2 ||    13
       Potion            |       |     8 |     2 ||    10
 Stab: Sleeping          |     8 |     4 |     1 ||    13
       Distracted        |       |     1 |       ||     1
  Eat: Chunk             |     5 |     5 |     4 ||    14
       Meat ration       |       |     1 |       ||     1
Armor: Leather armour    |    69 |    43 |       ||   112
       Skin              |       |    22 |       ||    22
Dodge: Dodged            |   126 |   104 |     2 ||   232
